 Dungeon Crawl Stone Soup version 0.29.0-4-gdea44cf6ec (webtiles) character file.

Game seed: 10329477503482059907

37 qw the Ruffian (level 3, -3/28 HPs)
             Began as a Ghoul Fire Elementalist on Aug 30, 2022.
             Slain by a gnoll
             ... wielding a +0 spear
              (4 damage)
             ... on level 2 of the Dungeon.
             The game lasted 00:01:14 (1987 turns).

qw the Ruffian (Ghoul Fire Elementalist)            Turns: 1987, Time: 00:01:15

Health: -3/28      AC:  3    Str: 13    XL:     3   Next: 39%
Magic:  4/4        EV: 11    Int: 10    God:
Gold:   78         SH:  2    Dex:  9    Spells: 4/5 levels left

rFire   . . .      SeeInvis .     - Unarmed
rCold   + . .      Faith    .   e - +0 buckler
rNeg    + + +      Spirit   .   c - +0 leather armour
rPois   inf        Reflect  .   (no helmet)
rElec   .          Harm     .   (no cloak)
rCorr   .          Rampage  .   (no gloves)
Will    .....                   (no boots)
Stlth   +.........              (no amulet)
HPRegen 0.00/turn               (no ring)
MPRegen 0.09/turn               (no ring)

@: about to teleport, inhibited regen
A: claws 1, cold resistance 1, negative energy resistance 3, inhibited
regeneration, torment resistance 2, devour on kill
a: no special abilities


You were on level 2 of the Dungeon.
You visited 1 branch of the dungeon, and saw 2 of its levels.

You collected 78 gold pieces.


Innate Abilities, Weirdness & Mutations

You are immune to poison.
You have sharp fingernails.
Your flesh is cold resistant. (rC+)
You are immune to negative energy. (rN+++)
You do not regenerate when monsters are visible.
You are immune to unholy pain and torment.
You thrive by killing the living.


   Skills:
 - Level 1.2 Fighting
 - Level 1.7 Dodging
 - Level 2.1 Stealth
 + Level 2.8 Unarmed Combat
 - Level 1.7 Spellcasting
 - Level 0.7 Conjurations
 - Level 2.4 Fire Magic


You had 4 spell levels left.
You knew the following spells:

 Your Spells              Type           Power      Damage    Failure   Level
a - Foxfire               Conj/Fire      16%        2x1d4     30%         1

Your spell library contained the following spells:

 Spells                   Type           Power      Damage    Failure   Level
 Scorch                   Fire           10%        2d6       32%         2
 Conjure Flame            Conj/Fire      4%         6-21      65%         3
 Inner Flame              Hex/Fire       3%         N/A       71%         3
 Flame Wave               Conj/Fire      4%         2d5       96%         4

Inventory:

Armour
 c - a +0 leather armour (worn)
 e - a +0 buckler (worn)
Scrolls
 d - a scroll of enchant armour {unknown}
 g - a scroll of amnesia {unknown}
Potions
 a - a potion of heal wounds {unknown}
 f - a potion of curing {unknown}

Dungeon Overview and Level Annotations

Branches:
Dungeon (2/15)

Altars:


Message History

1671 ||| Stepping ~*~*~tactically~*~*~ (hiding).
You start waiting.
Done waiting. 2 gnolls come into view.
1773 ||| Stepping ~*~*~tactically~*~*~ (hiding).
You start waiting.
Done waiting.
1875 ||| Stepping ~*~*~tactically~*~*~ (hiding).
You start waiting.
Done waiting.
The gnoll shouts!
A gnoll comes into view. It is wielding a +0 spear.
1977 ||| Stepping ~*~*~tactically~*~*~ (hiding).
You start waiting.
A gnoll is nearby!
The gnoll shouts!
The gnoll misses you.
You claw the gnoll!
The gnoll is heavily wounded.
The gnoll barely misses you. The gnoll misses you.
You scratch the gnoll.
The gnoll is almost dead.
The gnoll hits you with a +0 halberd!
You barely miss the gnoll.
The gnoll is almost dead.
The gnoll hits you with a +0 halberd!
You scratch the gnoll.
You kill the gnoll!
The gnoll misses you.
1984 ||| Stepping ~*~*~tactically~*~*~ (outnumbered).
The gnoll hits you from afar with a +0 spear.
The gnoll misses you.
1986 ||| READING scroll of teleportation.
As you read the scroll of teleportation, it crumbles to dust.
You feel strangely unstable.
The gnoll hits you from afar with a +0 spear.
You scratch the gnoll.
The gnoll is lightly wounded.
The gnoll hits you from afar with a +0 spear.
You die...

#. #.# #.. ###..
.## .... #.. #g.
..# #)####.#
#g@....###
##.......#
#.......# .#
#.......# #...
#.......# ...
#.......#####.#
#.......#...#.##
#..............#
####.##........#


You could see 2 gnolls.

Vanquished Creatures
  A gnoll (D:2)
  A dart slug (D:1)
  2 endoplasms
  3 giant cockroaches (D:1)
  A goblin (D:1)
  3 hobgoblins
  A quokka (D:1)
  5 bats
  4 kobolds (D:1)
  2 rats
23 creatures vanquished.

Notes
Turn   | Place    | Note
-------+----------+-------------------------------------------
     0 | D:1      | qw the Ghoul Fire Elementalist began the quest for the Orb.
     0 | D:1      | Reached XP level 1. HP: 14/14 MP: 2/2
     0 | D:1      | 0 ||| qw: Version: 0.1-a-90-g952f4b7
     0 | D:1      | 0 ||| qw: Game counter: 4357
     0 | D:1      | 0 ||| qw: Always use a shield: true
     0 | D:1      | 0 ||| qw: God list: Okawaru
     0 | D:1      | 0 ||| qw: Allow faded altars: false
     0 | D:1      | 0 ||| qw: Do Orc after D:15 true
     0 | D:1      | 0 ||| qw: Do second Lair branch before Depths: true
     0 | D:1      | 0 ||| qw: Lair rune preference: random
     0 | D:1      | 0 ||| qw: Plans: Normal
     0 | D:1      | 0 ||| PLANNING D:1-11
   141 | D:1      | Reached skill level 1 in Unarmed Combat
   486 | D:1      | Reached skill level 1 in Fighting
   486 | D:1      | Reached XP level 2. HP: 23/23 MP: 3/3
  1514 | D:1      | 1514 ||| UPGRADING to +0 leather armour.
  1524 | D:1      | 1524 ||| DROPPING +0 robe.
  1525 | D:1      | 1525 ||| UPGRADING to +0 buckler.
  1530 | D:1      | 1530 ||| DROPPING orb of energy.
  1531 | D:1      | 1531 ||| READING scroll labelled CIRPHA DINEL.
  1532 | D:1      | 1532 ||| READING scroll labelled LEALAN ZEGIAM.
  1533 | D:1      | 1533 ||| READING scroll labelled GEUGRI SEKAUHY.
  1537 | D:1      | 1537 ||| READING scroll labelled CIGESALIDU.
  1538 | D:1      | 1538 ||| READING scroll labelled YGIOWI TOUC.
  1539 | D:1      | 1539 ||| DROPPING potion of magic.
  1558 | D:2      | Reached XP level 3. HP: 28/28 MP: 4/4
  1671 | D:2      | 1671 ||| Stepping ~*~*~tactically~*~*~ (hiding).
  1773 | D:2      | 1773 ||| Stepping ~*~*~tactically~*~*~ (hiding).
  1875 | D:2      | 1875 ||| Stepping ~*~*~tactically~*~*~ (hiding).
  1977 | D:2      | 1977 ||| Stepping ~*~*~tactically~*~*~ (hiding).
  1984 | D:2      | 1984 ||| Stepping ~*~*~tactically~*~*~ (outnumbered).
  1985 | D:2      | HP: 5/28 [gnoll/+0 spear (6)]
  1986 | D:2      | 1986 ||| READING scroll of teleportation.
  1986 | D:2      | HP: 1/28 [gnoll/+0 spear (4)]
  1987 | D:2      | Slain by a gnoll

Levels and vault maps discovered:
D:1:      dpeg_arrival_leaves_temple_mockup, layout_basic,
          hangedman_decor_clover_reticule
D:2:      layout_loops_cross, minmay_tromino_v7

Skill      XL: |  1  2 |
---------------+-------+-----
Unarmed Combat | 1 2 |  2.8
Fighting       | 1 |  1.2
Dodging        | |  1.7
Stealth        | |  2.1
Spellcasting   | |  1.7
Conjurations   | |  0.7
Fire Magic     | |  2.4

Action                   || total
-------------------------++-------
Melee: Unarmed           ||    83
  Use: Scroll            ||     6
Armor: Robe              ||    15
       Leather armour    ||     5
Dodge: Dodged            ||    45
Block: Buckler           ||     1

Table legend:
 A = Non-vault XP
 B = Vault XP
 C = Vault XP percentage of total XP
 D = Non-vault monster count
 E = Vault monster count
 F = Vault count percentage of total count
                 A         B        C        D         E       F
            +---------+---------+-------+---------+---------+-------
      Total |      53 |       0 |   0.0 |      23 |       0 |   0.0
            +---------+---------+-------+---------+---------+-------
        D:1 |      33 |       0 |   0.0 |      18 |       0 |   0.0
        D:2 |      20 |       0 |   0.0 |       5 |       0 |   0.0
            +---------+---------+-------+---------+---------+-------
